 Dungeon Crawl Stone Soup version 0.32-a0-931-g5a2cda0630 (webtiles) character file.

Game seed: 5715491278859867570

16 Biggs the Trooper (level 2, 24/24 HPs)
             Began as a Demonspawn Fighter on Apr 14, 2024.
             Quit the game on level 1 of the Dungeon.
             The game lasted 00:01:17 (247 turns).

Biggs the Trooper (Demonspawn Fighter)               Turns: 247, Time: 00:01:17

Health: 24/24      AC:  8    Str: 16    XL:     2   Next: 41%
Magic:  2/2        EV:  7    Int:  8    God:
Gold:   33         SH:  8    Dex: 12    Spells: 1/1 levels left

rFire   . .          .
                       - Unarmed
rCold   . . .        b - +0 buckler
rNeg    . . .        a - +0 scale mail
rPois   .            (no helmet)
rElec   .            (no cloak)
rCorr   .            e - +1 pair of gloves
SInv    .            (no boots)
Will    .....        (no amulet) Stlth
                     (no ring)
HPRegen 0.24/turn    (no ring)
MPRegen 0.08/turn

%: no passive effects
@: no status effects
A: condensation shield
a: no special abilities


You were on level 1 of the Dungeon.
You visited 1 branch of the dungeon, and saw 1 of its levels.

You collected 33 gold pieces.

Inventory:

Armour
 a - a +0 scale mail (worn)
 b - a +0 buckler (worn)
 e - a +1 pair of gloves (worn)
Potions
 c - a potion of might
 d - a potion of heal wounds {unknown}
 f - a potion of invisibility {unknown}


   Skills:
 - Level 3.0 Fighting
 - Level 2.6 Armour
 - Level 2.6 Shields
 + Level 2.8 Unarmed Combat


You had one spell level left.
You didn't know any spells.
Your spell library was empty.

Dungeon Overview and Level Annotations

Branches:
Dungeon (1/15)

Altars:


Innate Abilities, Weirdness & Mutations

A meltable shield of frost defends you. (SH +4)


Message History

The jackal is lightly wounded.
You block the jackal's attack.
Unknown command.
You barely miss the jackal.
The jackal is lightly wounded.
You block the jackal's attack. x2
You hit the jackal but do no damage.
The jackal is lightly wounded.
The jackal bites you but does no damage.
Unknown command.
You hit the jackal but do no damage. You block the jackal's attack.
The jackal bites you but does no damage.
You hit the jackal but do no damage. You block the jackal's attack.
Unknown command.
You closely miss the jackal. You block the jackal's attack.
You hit the jackal.
The jackal is severely wounded.
The jackal bites you but does no damage.
You block the jackal's attack.
Unknown command.
You hit the jackal.
The jackal is almost dead.
The jackal completely misses you.
The dart slug briefly extends its eye-stalks.
You hit the jackal.
You kill the jackal!
Unknown command.
The dart slug launches a dart at you. You block the slug dart.
Things that are here:
a jackal corpse; a jackal corpse You hit the dart slug.
You kill the dart slug!
You see here a dart slug corpse.
Unknown command.
Unknown command.
Unknown command.
f - a fizzy white potion You now have 33 gold pieces (gained 20).
Are you sure you want to abandon this character and quit the game? (Confirm with "yes".)

# .#
###.#####
#........
#@# . #.#
. #.# .
#.# .
#.#.##
#.#.. .
#.#..#
#.#.# .
#.##.#
#.#.# .
#.##.#
#.#.# .
#.##.#
#.#.# .#


There were no monsters in sight!

Vanquished Creatures
  2 dart slugs (D:1)
  A bat (D:1)
  An endoplasm (D:1)
  2 jackals (D:1)
  3 ball pythons (D:1)
  2 frilled lizards (D:1)
  A kobold (D:1)
12 creatures vanquished.

Vanquished Creatures (others)
  2 jackals (D:1)
2 creatures vanquished.

Grand Total: 14 creatures vanquished

Notes
Turn   | Place    | Note
-------+----------+-------------------------------------------
     0 | D:1      | Biggs the Demonspawn Fighter began the quest for the Orb.
     0 | D:1      | Reached XP level 1. HP: 18/18 MP: 1/1
    51 | D:1      | Gained mutation: A meltable shield of frost defends you.
                  | (SH +4) [demonic ancestry]
    51 | D:1      | Reached XP level 2. HP: 20/24 MP: 2/2
   247 | D:1      | Quit the game

Illustrated notes

Levels and vault maps discovered:
D:1:      amcnicky_arrival_single_pillar, layout_loops_ring,
          nicolae_concentric_dashed_squares_wild, minivault_19,
          minmay_tromino_v4_c

Skill      XL: |  1 |
---------------+----+-----
Unarmed Combat | 2 |  2.8
Fighting       | |  3.0
Armour         | |  2.6
Shields        | |  2.6

Action                     || total
---------------------------++-------
  Melee: Unarmed           ||    61
 Armour: Scale mail        ||    53
  Dodge: Dodged            ||    25
  Block: Buckler           ||    34

Table legend: (Time is in decaauts)
 A = Elapsed time spent in this place.
 B = Non-inter-level travel time spent in this place.
 C = Inter-level travel time spent in this place.
 D = Time resting spent in this place.
 E = Time spent auto-exploring this place.
 F = Levels seen in this place.
 G = Mean time per level.
                   A        B        C        D        E       F      G
               +--------+--------+--------+--------+--------+-----+--------+
         Total |    245 |    245 |      0 |      0 |      0 |   1 |  245.0 |
       Dungeon |    245 |    245 |      0 |      0 |      0 |   1 |  245.0 |
               +--------+--------+--------+--------+--------+-----+--------+

Top non-repeatable levels by time:
     D:1: 245 daAuts
